 Dungeon Crawl Stone Soup version 0.30-a0-576-g89cddaab80 (webtiles) character file.

Game seed: 12082504877564081535

279 Newt the Trooper (level 6, -1/48 HPs)
             Began as a Demonspawn Gladiator on Dec 30, 2022.
             Was an Initiate of Wu Jian.
             Slain by an orc wizard
             ... wielding a +0 dagger
              (2 damage)
             ... on level 3 of the Dungeon.
             The game lasted 00:05:24 (2184 turns).

Newt the Trooper (Demonspawn Gladiator)             Turns: 2184, Time: 00:05:25

Health: -1/48      AC:  4    Str: 16    XL:     6   Next: 5%
Magic:  2/2        EV: 12    Int: 10    God:    Wu Jian [......]
Gold:   89         SH:  0    Dex: 14    Spells: 5/5 levels left

rFire   . . .      SeeInvis .    d - +2 falchion (antimagic)
rCold   . . .      Faith    .    (no shield)
rNeg    . . .      Spirit   .    u - +0 leather armour
rPois   +          Reflect  .    c - +0 helmet
rElec   .          Harm     .    (no cloak)
rCorr   .          Rampage  .    (no gloves)
Will    .....                    (no boots)
Stlth   ++                       (no amulet)
HPRegen 0.28/turn                l - ring of poison resistance
MPRegen 0.08/turn                (no ring)

@: brilliant, lethally poisoned (-1 -> -3), attractive
A: demonic guardian 2
a: Renounce Religion


You were on level 3 of the Dungeon.
You worshipped Wu Jian.
Wu Jian was noncommittal.
You visited 1 branch of the dungeon, and saw 3 of its levels.

You collected 89 gold pieces.

Inventory:

Hand Weapons
 a - a +2 dagger of speed
 b - a +0 sling
 d - a +2 antimagic falchion (weapon)
 r - a +0 rapier
Missiles
 f - a throwing net (quivered)
 v - a javelin
Armour
 c - a +0 helmet (worn)
 u - a +0 leather armour (worn)
 y - a +0 scale mail
Jewellery
 l - a ring of poison resistance (left hand)
 z - a ring of see invisible
Scrolls
 j - 3 scrolls of teleportation
 o - 2 scrolls of identify {unknown}
 p - a scroll of immolation {unknown}
 q - a scroll of enchant weapon {unknown}
 s - a scroll of poison {unknown}
 w - a scroll of fog {unknown}
 x - a scroll of blinking {unknown}
Potions
 e - 3 potions of degeneration {unknown}
 g - a potion of resistance {unknown}
 h - a potion of attraction
 k - a potion of lignification {unknown}
 t - a potion of cancellation {unknown}


   Skills:
 - Level 4.0 Fighting
 - Level 2.6 Short Blades
 - Level 4.0 Throwing
 + Level 1.4 Armour
 - Level 2.6 Dodging
 - Level 2.0 Stealth


You had 5 spell levels left.
You didn't know any spells.
Your spell library contained the following spells:

 Spells                   Type           Power      Damage    Failure   Level
 Sandblast                Erth           0%         2d4       43%         1
 Shock                    Conj/Air       0%         1d3       43%         1
 Inner Flame              Hex/Fire       0%         N/A       80%         3
 Kindle Blastsparks       Fire/Tloc/Air  0%         2d10      80%         3
 Swiftness                Air            0%         N/A       80%         3
 Airstrike                Air            0%         2d(0-16)  99%         4
 Borgnjor's Vile Clutch   Necr/Erth      0%         N/A       100%        5
 Starburst                Conj/Fire      0%         6d3       100%        6


Dungeon Overview and Level Annotations

Branches:
Dungeon (3/15)

Altars:
Sif Muna
Wu Jian


Innate Abilities, Weirdness & Mutations

A demonic guardian rushes to your aid.


Message History

The goblin hits you from afar with a +0 spear of venom.
* * * LOW HITPOINT WARNING * * *
It was a potion of curing.
You feel better. Something hits you.
* * * LOW HITPOINT WARNING * * *
The goblin hits you from afar with a +0 spear of venom.
* * * LOW HITPOINT WARNING * * *
Unknown command.
You hit something but do no damage. Something hits you.
* * * LOW HITPOINT WARNING * * *
The goblin hits you from afar with a +0 spear of venom.
* * * LOW HITPOINT WARNING * * *
You are lethally poisoned!
You feel better. Something hits you but does no damage.
The goblin hits you from afar with a +0 spear of venom.
* * * LOW HITPOINT WARNING * * *
You closely miss something.
Your rust devil disappears in a puff of smoke!
Something hits you.
* * * LOW HITPOINT WARNING * * *
The goblin hits you but does no damage.
You are poisoned.
Unknown command.
You slash something!
You feel sick.
The goblin hits you from afar with a +0 spear of venom.
* * * LOW HITPOINT WARNING * * *
A demonic guardian appears!
Something hits you.
* * * LOW HITPOINT WARNING * * *
The goblin barely misses you.
Unknown command.
It was a potion of brilliance.
You feel clever all of a sudden.
* * * LOW HITPOINT WARNING * * *
You feel sick.
An orc wizard appears from thin air!
Reactivating autopickup.
Your hellwing swoops through the air toward the goblin!
Your hellwing hits the goblin!
The goblin dies!
The Council accepts your kill.
The orc wizard hits you with a +0 dagger.
You die...

......8'8#.._..#.
###...#.#.######.#.
..### #.#).'.....#
#.## #.#..'.....#
..# #)#.######.# #.#
##)8'8#.._..#
####.###.)...#⌠...##
#............######
#...@.§.....)......
#..4o....####.#.##.
####§########.# # .
#4##.......#
....####...........
..........#.#).#
......<.#...#..# #
###.....##..#..##.
#.....##..#.... #...


You could see an orc wizard (magic disrupted), a friendly orange demon
(summoned) and a friendly hellwing (summoned).

Vanquished Creatures
  A scorpion (D:2)
  2 orc priests (D:3)
  2 gnolls (D:3)
  3 adders
  A dart slug (D:1)
  4 orcs (D:3)
  3 ball pythons
  5 endoplasms
  5 giant cockroaches
  6 goblins
  6 hobgoblins
  3 jackals (D:2)
  8 kobolds
  2 quokkas
  7 bats
  4 frilled lizards
  9 rats
71 creatures vanquished.

Vanquished Creatures (collateral kills)
  An orc wizard (D:3)
  A gnoll (D:3)
  A worm (D:2)
  3 orcs (D:3)
  A goblin (D:3)
7 creatures vanquished.

Grand Total: 78 creatures vanquished

Notes
Turn   | Place    | Note
-------+----------+-------------------------------------------
     0 | D:1      | Newt the Demonspawn Gladiator began the quest for the Orb.
     0 | D:1      | Reached XP level 1. HP: 16/16 MP: 1/1
    68 | D:1      | Reached skill level 1 in Stealth
   152 | D:1      | Gained mutation: A weak demonic guardian rushes to your
                  | aid. [demonic ancestry]
   152 | D:1      | Reached XP level 2. HP: 19/22 MP: 2/2
   501 | D:1      | Reached XP level 3. HP: 28/28 MP: 3/3
   573 | D:2      | Noticed a scorpion
   573 | D:2      | Found a faded altar of an unknown god.
   972 | D:2      | Killed a scorpion
   973 | D:2      | Gained mutation: A demonic guardian rushes to your aid.
                  | [demonic ancestry]
   973 | D:2      | Reached XP level 4. HP: 32/37 MP: 4/4
  1005 | D:2      | Got the Reference Book on the Hot Geologist
  1419 | D:2      | Reached XP level 5. HP: 24/42 MP: 5/5
  1974 | D:3      | Found a large runed translucent door.
  1975 | D:3      | Found a large runed translucent door.
  1984 | D:3      | Found a shimmering blue altar of Sif Muna.
  1992 | D:3      | Found an ornate altar of the Wu Jian Council.
  2000 | D:3      | Became a worshipper of the Wu Jian Council
  2042 | D:3      | Reached skill level 1 in Armour
  2174 | D:3      | Reached XP level 6. HP: 20/48 MP: 2/6
  2178 | D:3      | HP: 2/48 [poisoned by a goblin]
  2183 | D:3      | HP: 2/48 [something (3)]
  2184 | D:3      | Slain by an orc wizard

Illustrated notes

Levels and vault maps discovered:
D:1:      scummos_arrival_gate, layout_rooms
D:2:      layout_loops_ring, ebering_ecumenical_altar_webs, basic_altar,
          kennysheep_nub
D:3:      layout_basic, jmf_multi_god_temple2, kennysheep_big_empty_room,
          chequers_serial_rivers_room_b

Skill      XL: |  1  2  3  4  5 |
---------------+----------------+-----
Stealth        | 1 2 |  2.0
Fighting       | 4 |  4.0
Throwing       | 2 4 |  4.0
Armour         | 1 |  1.4
Short Blades   | |  2.6
Dodging        | |  2.6

Action                   |  1- 3 |  4- 6 || total
-------------------------+-------+-------++-------
Melee: Rapier            |   116 |       ||   116
       Dagger            |    50 |   116 ||   166
       Falchion          |       |    19 ||    19
Throw: Stone             |     3 |       ||     3
       Throwing net      |     3 |     1 ||     4
       Javelin           |     2 |     2 ||     4
Invok: Lunge             |       |     2 ||     2
  Use: Scroll            |     1 |     2 ||     3
       Potion            |       |     4 ||     4
 Stab: Sleeping          |     1 |     2 ||     3
Armor: Leather armour    |    39 |    38 ||    77
Dodge: Dodged            |   120 |    64 ||   184

Table legend: (Time is in decaauts)
 A = Elapsed time spent in this place.
 B = Non-inter-level travel time spent in this place.
 C = Inter-level travel time spent in this place.
 D = Time resting spent in this place.
 E = Time spent auto-exploring this place.
 F = Levels seen in this place.
 G = Mean time per level.
                   A        B        C        D        E       F      G
               +--------+--------+--------+--------+--------+-----+--------+
         Total |   2116 |   2021 |     95 |    124 |   1324 |   3 |  705.3 |
       Dungeon |   2116 |   2021 |     95 |    124 |   1324 |   3 |  705.3 |
               +--------+--------+--------+--------+--------+-----+--------+

Top non-repeatable levels by time:
     D:2: 952 daAuts
     D:1: 611 daAuts
     D:3: 551 daAuts
